 Dungeon Crawl Stone Soup version 0.28.0-45-g0d030f2227 (webtiles) character file.

Game seed: 8175483767853960117

63 NinjaNoafa the Charlatan (level 4, -2/38 HPs)
             Began as a Gnoll Wanderer on Apr 11, 2022.
             Slain by a gnoll
             ... wielding a +0 halberd
              (8 damage)
             ... on level 2 of the Dungeon.
             The game lasted 00:05:43 (1067 turns).

NinjaNoafa the Charlatan (Gnoll Wanderer)           Turns: 1067, Time: 00:05:44

Health: -2/38      AC:  7    Str:  9    XL:     4   Next: 10%
Magic:  8/8        EV:  8    Int: 14    God:
Gold:   26         SH:  7    Dex: 13    Spells: 7/8 levels left

rFire   . . .      SeeInvis .   a - +3 falchion
rCold   . . .      Faith    .   i - +0 kite shield
rNeg    . . .      Spirit   .   n - +0 ring mail
rPois   .          Reflect  .   k - +2 hat
rElec   .          Harm     .   (no cloak)
rCorr   .          Rampage  .   (no gloves)
Will    .....                   (no boots)
Stlth   +.........              (no amulet)
HPRegen 0.12/turn               (no ring)
MPRegen 0.11/turn               (no ring)

@: no status effects
A: fangs 1, strong nose, distributed training
a: no special abilities


You were on level 2 of the Dungeon.
You visited 1 branch of the dungeon, and saw 2 of its levels.

You collected 26 gold pieces.

Inventory:

Hand Weapons
 a - a +3 falchion (weapon)
Missiles
 d - 71 stones
 m - 2 silver javelins (quivered)
Armour
 c - a +0 robe
 i - a +0 kite shield (worn)
 k - a +2 hat (worn)
 n - a +0 ring mail (worn)


   Skills:
 + Level 4.6 Fighting
 + Level 1.0 Short Blades
 + Level 4.6 Long Blades
 + Level 1.0 Axes
 + Level 1.0 Maces & Flails
 + Level 1.0 Polearms
 + Level 1.0 Staves
 + Level 1.0 Slings
 + Level 1.0 Bows
 + Level 1.0 Crossbows
 + Level 1.0 Throwing
 + Level 2.7 Armour
 + Level 1.0 Dodging
 + Level 1.0 Stealth
 + Level 1.0 Shields
 + Level 1.0 Unarmed Combat
 + Level 2.9 Spellcasting
 + Level 0.8 Conjurations
 + Level 0.8 Hexes
 + Level 0.8 Summonings
 + Level 0.8 Necromancy
 + Level 0.8 Translocations
 + Level 0.8 Transmutations
 + Level 0.8 Fire Magic
 + Level 0.8 Ice Magic
 + Level 3.8 Air Magic
 + Level 0.8 Earth Magic
 + Level 0.8 Poison Magic
 + Level 1.1 Invocations
 + Level 4.6 Evocations


You had 7 spell levels left.
You knew the following spells:

 Your Spells              Type           Power      Damage    Failure   Level
a - Shock                 Conj/Air       32%        1d5       61%         1

Your spell library contained the following spells:

 Spells                   Type           Power      Damage    Failure   Level
 Corpse Rot               Necr/Air       16%        N/A       75%         2
 Airstrike                Air            6%         N/A       99%         4


Dungeon Overview and Level Annotations

Branches:
Dungeon (2/15)

Altars:

Shops:
D:1 *


Innate Abilities, Weirdness & Mutations

You have very sharp teeth.
Your uncanny sense of smell can sniff out nearby items.
Your experience applies equally to all skills.


Message History

Aiming: Throw Flame
Press: ? - help, Shift-Dir - straight line, f/p - Terence
Aim: Terence, wielding a +0 short sword and wearing a +0 scale mail (almost dead, 77% to hit)
The puff of flame hits Terence!
You kill Terence!
The gnoll shouts!
The jackal barks!
You hear a shout!
The gnoll throws a silver boomerang.
The silver boomerang barely misses you.
Your Short Blades skill increases to level 1!
Your Axes skill increases to level 1!
Your Maces & Flails skill increases to level 1!
Your Polearms skill increases to level 1!
Your Staves skill increases to level 1!
Your Slings skill increases to level 1!
Your Bows skill increases to level 1!
Your Crossbows skill increases to level 1!
Your Throwing skill increases to level 1!
Your Dodging skill increases to level 1!
Your Stealth skill increases to level 1!
Your Shields skill increases to level 1!
Your Unarmed Combat skill increases to level 1!
You have reached level 4!
You feel stronger.
Aiming: Throw Flame
Press: ? - help, Shift-Dir - straight line, f - gnoll
Aim: a gnoll, wielding a +0 whip and quivering silver boomerangs (77% to hit)
The puff of flame hits the gnoll.
The gnoll is moderately wounded.
The now-empty wand crumbles to dust.
The jackal closely misses you.
The gnoll throws a silver boomerang.
The silver boomerang barely misses you. You block the jackal's attack.
A gnoll comes into view. It is wielding a +0 halberd.
A gnoll comes into view. It is wielding a +0 halberd.
The gnoll shouts!
A gnoll comes into view. It is wielding a +0 spear.
The jackal closely misses you.
You slash the gnoll! Your bite misses the gnoll.
The gnoll is severely wounded.
You feel a little less clever now. The gnoll completely misses you.
The gnoll hits you from afar with a +0 halberd!
You die...

.................
#####.#.........#
#.###.###...### #
#.# ......
#.###.####.g###
#(....†.S?....#
#####.####....##..
#.Shh.h.......
######@ggg##.
##.#..... ## ####


You could see 4 gnolls, 3 jackals and a ball python.

Vanquished Creatures
  Terence (D:2)
  An adder (D:2)
  2 dart slugs (D:1)
  2 ball pythons (D:1)
  An endoplasm (D:1)
  3 giant cockroaches (D:1)
  3 goblins (D:1)
  3 hobgoblins (D:1)
  A jackal (D:2)
  6 kobolds (D:1)
  A bat (D:1)
24 creatures vanquished.

Notes
Turn   | Place    | Note
-------+----------+-------------------------------------------
     0 | D:1      | NinjaNoafa the Gnoll Wanderer began the quest for the Orb.
     0 | D:1      | NinjaNoafa set off with the following items: a +0 falchion,
                  | a wand of flame (3), a +0 robe; and the following spell
                  | memorised: Shock; and the following spells available to
                  | memorise: Corpse Rot, Airstrike
     0 | D:1      | Reached XP level 1. HP: 20/20 MP: 4/4
    32 | D:1      | Reached XP level 2. HP: 15/26 MP: 1/5
   316 | D:1      | Found Atzyrom's General Store.
   592 | D:1      | Reached XP level 3. HP: 31/31 MP: 5/7
  1026 | D:2      | Noticed Terence
  1057 | D:2      | Reached skill level 1 in Invocations
  1062 | D:2      | Killed Terence
  1063 | D:2      | Reached skill level 1 in Short Blades
  1063 | D:2      | Reached skill level 1 in Axes
  1063 | D:2      | Reached skill level 1 in Maces & Flails
  1063 | D:2      | Reached skill level 1 in Polearms
  1063 | D:2      | Reached skill level 1 in Staves
  1063 | D:2      | Reached skill level 1 in Slings
  1063 | D:2      | Reached skill level 1 in Bows
  1063 | D:2      | Reached skill level 1 in Crossbows
  1063 | D:2      | Reached skill level 1 in Throwing
  1063 | D:2      | Reached skill level 1 in Dodging
  1063 | D:2      | Reached skill level 1 in Stealth
  1063 | D:2      | Reached skill level 1 in Shields
  1063 | D:2      | Reached skill level 1 in Unarmed Combat
  1063 | D:2      | Reached XP level 4. HP: 5/38 MP: 8/8
  1067 | D:2      | Slain by a gnoll

Illustrated notes

Levels and vault maps discovered:
D:1:      wander_arrival_chamber, layout_basic, serial_forest,
          infiniplex_forest_clump_small, infiniplex_forest_straight_2,
          infiniplex_forest_straight_3, infiniplex_forest_end_1,
          infiniplex_forest_end_1, serial_shops, nicolae_shop_hallway_stairs
D:2:      layout_loops_ring, st_stairs_13, uniq_terence

Skill      XL: |  1  2  3 |
---------------+----------+-----
Invocations    | 1 |  1.1
Short Blades   | 1 |  1.0
Axes           | 1 |  1.0
Maces & Flails | 1 |  1.0
Polearms       | 1 |  1.0
Staves         | 1 |  1.0
Slings         | 1 |  1.0
Bows           | 1 |  1.0
Crossbows      | 1 |  1.0
Throwing       | 1 |  1.0
Dodging        | 1 |  1.0
Stealth        | 1 |  1.0
Shields        | 1 |  1.0
Unarmed Combat | 1 |  1.0
Fighting       | |  4.6
Long Blades    | |  4.6
Armour         | |  2.7
Spellcasting   | |  2.9
Conjurations   | |  0.8
Hexes          | |  0.8
Summonings     | |  0.8
Necromancy     | |  0.8
Translocations | |  0.8
Transmutations | |  0.8
Fire Magic     | |  0.8
Ice Magic      | |  0.8
Air Magic      | |  3.8
Earth Magic    | |  0.8
Poison Magic   | |  0.8
Evocations     | |  4.6

Action                   |  1- 3 |  4- 6 || total
-------------------------+-------+-------++-------
Melee: Falchion          |    47 |     1 ||    48
       Bite              |     1 |       ||     1
Throw: Javelin           |     1 |       ||     1
 Cast: Shock             |    37 |       ||    37
Evoke: Wand              |     2 |     1 ||     3
  Use: Scroll            |     4 |       ||     4
       Potion            |     4 |       ||     4
Armor: Robe              |    10 |       ||    10
       Skin              |    42 |       ||    42
       Ring mail         |    15 |       ||    15
Dodge: Dodged            |    25 |     4 ||    29
Block: Kite shield       |    15 |     1 ||    16
